 Dungeon Crawl Stone Soup version 0.25.1-2-g60ff931df9 (webtiles) character file.

Game seed: 9810372795688154574

49 DildoBatman the Magician (level 4, 0/30 HPs)
             Began as a Formicid Wizard on Oct 30, 2020.
             Slain by an adder (3 damage)
             ... on level 3 of the Dungeon.
             The game lasted 00:04:28 (2261 turns).

DildoBatman the Magician (Formicid Wizard)          Turns: 2261, Time: 00:04:29

Health: 0/30       AC:  3    Str: 12    XL:     4   Next: 1%
Magic:  8/8        EV: 12    Int: 18    God:
Gold:   138        SH:  0    Dex:  9    Spells: 8/9 levels left

rFire    . . .     SeeInvis +   a - +0 hunting sling (curse)
rCold    + . .     Gourm    .   (no shield)
rNeg     . . .     Faith    .   r - +0 robe
rPois    .         Spirit   .   (helmet unavailable)
rElec    .         Reflect  .   (no cloak)
rCorr    .         Harm     .   p - +0 pair of gloves
MR       .....                  (no boots)
Stlth    ++........             q - amulet of the acrobat
HPRegen  0.10/turn              j - ring of protection from cold
MPRegen  0.11/turn              (no ring)

@: lethally poisoned (0 -> -6)
A: permanent stasis, dig shafts and tunnels, four strong arms, antennae 3
a: Dig, Shaft Self


You were on level 3 of the Dungeon.
You were hungry.

You visited 1 branch of the dungeon, and saw 3 of its levels.

You collected 138 gold pieces.

Inventory:

Hand Weapons
 a - a cursed +0 hunting sling (weapon)
 b - a +0 vampiric whip
Missiles
 c - 69 stones (quivered)
 e - 31 arrows
 s - 18 poisoned darts
Armour
 p - a +0 pair of gloves (worn)
 r - a +0 robe (worn)
Jewellery
 j - a ring of protection from cold (left hand)
 q - an amulet of the acrobat (around neck)
Scrolls
 g - a scroll of fear {unknown}
 h - a scroll of noise {unknown}
 i - a scroll of random uselessness {unknown}
 k - 2 scrolls of teleportation {unknown}
 m - a scroll of magic mapping {unknown}
 n - a scroll of amnesia {unknown}
Potions
 d - 2 potions of heal wounds {unknown}
 f - 3 potions of degeneration {unknown}
 l - 2 potions of curing {unknown}
 o - 2 potions of lignification {unknown}
 t - a potion of stabbing {unknown}
 u - a potion of invisibility {unknown}
 w - a potion of magic {unknown}
 x - a potion of mutation {unknown}
Comestibles
 v - 5 rations


   Skills:
 - Level 1.7 Dodging
 - Level 2.4 Stealth
 - Level 3.2 Spellcasting
 * Level 3.2 Conjurations
   Level 1.0 Summonings
   Level 0.8 Translocations


You had 8 spell levels left.
You knew the following spells:

 Your Spells              Type           Power        Failure   Level  Hunger
c - Magic Dart            Conj           ##..         4%          1    None

Your spell library contained the following spells:

 Spells                   Type           Power        Failure   Level  Hunger
 Call Imp                 Summ           #.......     16%         2    ##.....
 Slow                     Hex            #.......     24%         2    ##.....
 Conjure Flame            Conj/Fire      #.......     24%         3    ###....
 Mephitic Cloud           Conj/Pois/Air  #.......     30%         3    ###....
 Blink                    Tloc           Unusable     N/A         2    N/A

Dungeon Overview and Level Annotations

Branches:
Dungeon (3/15)

Altars:
The Shining One


Innate Abilities, Weirdness & Mutations

You cannot be hasted, slowed, berserked, paralysed or teleported.
You can dig through walls and to a lower floor.
Your four strong arms can wield two-handed weapons with a shield.
You have a pair of large antennae on your head. (SInv)


Message History

Orders for allies: a - Attack new target. r - Retreat! s - Stop attacking. g - Guard the area. f - Follow me.
Anything else - Cancel.
You shout for attention!
You feel sick. The rat barely misses you.
The giant cockroach closely misses you. The adder closely misses you.
The dart slug barely misses you. The rat closely misses you.
What are your orders? t - Shout!
Orders for allies: a - Attack new target. r - Retreat! s - Stop attacking. g - Guard the area. f - Follow me.
Anything else - Cancel.
You shout for attention!
The adder bites you.
You die...

#.#.####.#... #.#.#
#.... { #.#.# #...#
#.#.## #...# #.[..#
#...# #....# #...#
#....# #.#.## # #
#####....# #.#..##.#....
......#'## #.#.r@s......
#######.# #.#.rSw......
......#.# #.#..........
####.##.####.#..........
#.##......#.#...##.##
#.#########.##..# #
#........... ..#
#..#........ .)#
#..#.######


You could see an adder, a dart slug, a giant cockroach and 2 rats.

Vanquished Creatures
  A worm (D:2)
  3 dart slugs
  4 giant cockroaches
  6 goblins
  5 hobgoblins
  3 jackals (D:2)
  A quokka (D:2)
  3 bats
  4 frilled lizards
  2 kobolds (D:1)
  6 rats
38 creatures vanquished.

Notes
Turn   | Place    | Note
-------+----------+-------------------------------------------
     0 | D:1      | DildoBatman the Formicid Wizard began the quest for the
                  | Orb.
     0 | D:1      | Reached XP level 1. HP: 13/13 MP: 4/4
    27 | D:1      | Reached skill level 1 in Conjurations
   271 | D:1      | Reached XP level 2. HP: 19/19 MP: 3/6
   932 | D:2      | Reached XP level 3. HP: 6/24 MP: 0/7
  2104 | D:3      | Found a glowing golden altar of the Shining One.
  2124 | D:3      | Reached XP level 4. HP: 30/30 MP: 5/8
  2261 | D:3      | Slain by an adder

Illustrated notes

Levels and vault maps discovered:
D:1:      psy_arrival_conway, layout_basic
D:2:      layout_basic, first_ration
D:3:      layout_basic, tso_metal_star

Skill      XL: |  1  2  3 |
---------------+----------+-----
Conjurations   | 1 2 3 |  3.2
Dodging        | |  1.7
Stealth        | |  2.4
Spellcasting   | |  3.2
Summonings     | |  1.0
Translocations | |  0.8

Action                   |  1- 3 |  4- 6 || total
-------------------------+-------+-------++-------
Melee: Unarmed           |     3 |       ||     3
       Club              |     6 |       ||     6
 Fire: Hunting sling     |    20 |       ||    20
 Cast: Magic Dart        |    94 |     1 ||    95
 Abil: Dig               |     1 |     1 ||     2
  Eat: Chunk             |     3 |       ||     3
Armor: Robe              |     3 |    12 ||    15
Dodge: Dodged            |    22 |    29 ||    51
